 Dungeon Crawl Stone Soup version 0.21.0 (webtiles) character file.

1013 subgenius the Basher (level 8, 0/46 HPs)
             Began as a Gargoyle Berserker on Jan 7, 2018.
             Was a Priest of Trog.
             Slain by an orc warrior
             ... wielding a +0 glaive
              (14 damage)
             ... on level 6 of the Dungeon.
             The game lasted 00:10:11 (5000 turns).

subgenius the Basher (Gargoyle Berserker)           Turns: 5000, Time: 00:10:12

Health: 0/46       AC: 16    Str: 23    XL:     8   Next: 21%
Magic:  8/8        EV:  7    Int:  7    God:    Trog [***...]
Gold:   309        SH:  0    Dex: 10    Spells: 7/7 levels left

rFire    . . .     SeeInvis .   i - +1 whip (elec)
rCold    . . .     Gourm    .   (no shield)
rNeg     + . .     Faith    .   n - +0 plate armour
rPois    ∞         Spirit   .   (no helmet)
rElec    +         Reflect  .   (no cloak)
rCorr    .         Harm     .   (no gloves)
MR       .....                  (no boots)
Stlth    ..........             (no amulet)
HPRegen  0.15/turn              (no ring)
MPRegen  0.11/turn              (no ring)

@: berserk cooldown, slowed, very slow
A: negative energy resistance 1, electricity resistance, unbreathing,
petrification resistance, rot immunity, AC +5
a: Berserk, Trog's Hand, Burn Spellbooks, Renounce Religion


You were on level 6 of the Dungeon.
You worshipped Trog.
Trog was most pleased with you.
You were full.

You visited 2 branches of the dungeon, and saw 7 of its levels.

You collected 309 gold pieces.

Inventory:

Hand Weapons
 i - a +1 whip of electrocution (weapon)
Missiles
 f - a throwing net (quivered)
Armour
 n - a +0 plate armour (worn)
Jewellery
 x - an uncursed ring of poison resistance {unknown}
Scrolls
 g - 8 scrolls of identify {unknown}
 j - 2 scrolls of amnesia {unknown}
 l - 6 scrolls of teleportation {unknown}
 p - a scroll of fog {unknown}
 u - a scroll of immolation {unknown}
 w - a scroll of blinking {unknown}
 y - a scroll of remove curse {unknown}
Potions
 a - a potion of degeneration {unknown}
 b - 5 potions of curing {unknown}
 d - a potion of mutation {unknown}
 e - 2 potions of haste {unknown}
 h - 2 potions of flight {unknown}
 k - a potion of invisibility {unknown}
 m - 2 potions of resistance {unknown}
 o - 3 potions of agility {unknown}
 q - a potion of experience {unknown}
 r - 2 potions of berserk rage {unknown}
 s - a potion of cancellation {unknown}
 t - a potion of lignification {unknown}
 v - 2 potions of might {unknown}
Comestibles
 c - 14 rations
 z - 5 chunks of flesh


   Skills:
 - Level 3.2 Fighting
 + Level 9.8 Maces & Flails
 - Level 2.1 Armour
 - Level 1.5 Dodging


You had 7 spell levels left.
You didn't know any spells.

Dungeon Overview and Level Annotations

Branches:
Dungeon (6/15)             Temple (1/1) D:5

Altars:
Ashenzari
Cheibriados
Elyvilon
Fedhas
Gozag
Hepliaklqana
Kikubaaqudgha
Makhleb
Nemelex Xobeh
Okawaru
Qazlal
Ru
Sif Muna
Trog
Uskayaw
Vehumet
Wu Jian
Xom
Yredelemnul
Zin
The Shining One

Shops:
D:4 !


Innate Abilities, Weirdness & Mutations

You are resistant to torment.
Your stone body is resilient. (AC +5)
You are immune to poison.
You resist negative energy. (rN+)
You are resistant to electric shocks. (rElec)
You can survive without breathing.
You are immune to petrification.
You are immune to rotting.


Message History

Something hits you but does no damage.
Your plate armour prevents you from hitting the orc warrior.
The orc warrior is almost dead.
The orc warrior hits you but does no damage.
You hit the orc warrior but do no damage.
The orc warrior is almost dead.
Something hits you but does no damage.
The orc warrior hits you but does no damage.
You closely miss the orc warrior.
The orc warrior is almost dead.
Something hits you but does no damage.
You closely miss the orc warrior.
The orc warrior is almost dead.
The orc warrior hits you with a glaive!
* * * LOW HITPOINT WARNING * * *
Something hits you but does no damage.
You barely miss the orc warrior.
The orc warrior is almost dead.
Something hits you but does no damage. The orc warrior hits you with a glaive!
You die...

#.#.#.... #.#
#.#..#...# #.#
#.#ns"$$(? #.#
.##8n._}$ #.#
..####### #.#
#.....©..
#.#####.######.#.....#
#...........)†....#
##.###@{###.##
#.##.o## # #.#..##
#.... #####)...####
#............
#.#.#<####### #......#
#.......


You could see an orc warrior and a necrophage.

Vanquished Creatures
  The ghost of Megalobster the Sneak, an amateur SpEn of Yredelemnul (D:4)
  Edmund (D:6)
  2 sky beasts (D:5)
  A bullfrog (D:6)
  A scorpion (D:4)
  A crimson imp (D:5)
  A hound (D:5)
  A jelly (D:5)
  A gnoll shaman (D:4)
  An iguana (D:6)
  3 worker ants
  An orc wizard (D:5)
  A hound skeleton (D:4)
  3 gnolls (D:4)
  10 adders
  A worm (D:2)
  2 dart slugs (D:2)
  6 leopard geckos
  10 orcs
  7 bats
  3 giant cockroaches
  11 goblins
  6 hobgoblins
  7 jackals
  A quokka (D:2)
  A ball python skeleton (D:4)
  3 frilled lizards
  3 kobolds
  A leopard gecko skeleton (D:4)
  8 rats
  A spectral orc (D:5)
100 creatures vanquished.

Notes
Turn   | Place    | Note
-------+----------+-------------------------------------------
     0 | D:1      | subgenius the Gargoyle Berserker began the quest for the Orb.
     0 | D:1      | Reached XP level 1. HP: 14/14 MP: 1/1
   165 | D:1      | Reached XP level 2. HP: 16/19 MP: 2/2
  1118 | D:2      | Reached skill level 4 in Maces & Flails
  1138 | D:2      | Reached XP level 3. HP: 20/23 MP: 3/3
  1639 | D:2      | Reached XP level 4. HP: 27/28 MP: 4/4
  1642 | D:2      | Reached ** piety under Trog
  1739 | D:2      | Reached skill level 5 in Maces & Flails
  1792 | D:2      | Found an ancient bone altar of Kikubaaqudgha.
  2615 | D:3      | Found a blossoming altar of Fedhas.
  2628 | D:3      | Found a stormy altar of Qazlal.
  2659 | D:3      | Found a faded altar of an unknown god.
  2889 | D:3      | Reached XP level 5. HP: 32/32 MP: 5/5
  3190 | D:4      | Reached skill level 6 in Maces & Flails
  3243 | D:4      | Noticed Megalobster's ghost (amateur SpEn)
  3249 | D:4      | Reached XP level 6. HP: 37/37 MP: 6/6
  3261 | D:4      | Killed Megalobster's ghost
  3261 | D:4      | Reached skill level 7 in Maces & Flails
  3322 | D:4      | Found Vuxeirgh's Distillery.
  3425 | D:4      | Reached *** piety under Trog
  3679 | D:4      | Found an iron altar of Okawaru.
  3964 | D:5      | Entered Level 5 of the Dungeon
  3978 | D:5      | Found a staircase to the Ecumenical Temple.
  3991 | Temple   | Entered the Ecumenical Temple
  4102 | D:5      | Reached XP level 7. HP: 37/41 MP: 7/7
  4408 | D:5      | Reached skill level 8 in Maces & Flails
  4592 | D:5      | Found a basalt altar of Yredelemnul.
  4696 | D:5      | Reached skill level 9 in Maces & Flails
  4872 | D:5      | Found a burning altar of Makhleb.
  4952 | D:6      | Noticed Edmund
  4962 | D:6      | Found a snail-covered altar of Cheibriados.
  4963 | D:6      | Noticed a wolf spider
  4970 | D:6      | Reached XP level 8. HP: 46/46 MP: 8/8
  4986 | D:6      | Killed Edmund
  5000 | D:6      | Slain by an orc warrior

Skill      XL: |  1  2  3  4  5  6  7 |
---------------+----------------------+-----
Maces & Flails | 4 5 6 7 9 |  9.8
Fighting       | |  3.2
Armour         | |  2.1
Dodging        | |  1.5

Action                   |  1- 3 |  4- 6 |  7- 9 || total
-------------------------+-------+-------+-------++-------
Melee: Mace              |   140 |    45 |       ||   185
       Whip              |       |   143 |   114 ||   257
Invok: Berserk           |     1 |     1 |     1 ||     3
  Eat: Chunk             |     3 |     8 |       ||    11
       Ration            |       |     3 |       ||     3
Armor: Animal skin       |    32 |       |       ||    32
       Ring mail         |    44 |    20 |       ||    64
       Plate armour      |       |    84 |    72 ||   156
Dodge: Dodged            |   130 |    45 |    21 ||   196
